 Dungeon Sprint DCSS version 0.16-a0-3781-g2316936 (console) character file.

280 Monkaria the Carver (level 6, -12/64 HPs)
             Began as a Hill Orc Fighter on Jan 25, 2015.
             Was a Believer of Makhleb.
             Mangled by an orc warrior
             ... wielding a +0 war axe
              (18 damage)
             ... in the Dungeon (Sprint IX: "|||||||||||||||||||||||||||||").
             The game lasted 00:01:46 (226 turns).

Monkaria the Carver (Hill Orc Fighter)               Turns: 226, Time: 00:01:46

Health: -12/64     AC: 13    Str: 24    XL:     6   Next: 27%
Magic:  6/6        EV:  5    Int:  8    God:    Makhleb [**....]
Gold:   0          SH:  9    Dex: 10    Spells: 0 memorised, 5 levels left

rFire  . . .     SeeInvis .     p - +2 scimitar (flame)
rCold  . . .     Clarity  .     s - +1 chain mail
rNeg   . . .     SustAb   .     c - +0 shield
rPois  .         Gourm    .     (no helmet)
rElec  .         Spirit   .     q - +0 cloak
rCorr  .         Warding  .     (no gloves)
rMut   .         NoTele   +     (no boots)
MR     .....                    (no amulet)
Stlth  ..........               r - +3 ring of strength
                                t - +2 ring of protection

@: exhausted, slowed, very slow, not resistant to hostile enchantments,
extremely unstealthy
A: no striking features
a: Minor Destruction, Renounce Religion


You were in the Dungeon.
You worshipped Makhleb.
Makhleb was pleased with you.
You were not hungry.

You visited 1 branch

Inventory:

Hand weapons
 p - a +2 scimitar of flaming (weapon)
Armour
 c - a +0 shield (worn)
 q - a +0 cloak (worn)
 s - a +1 chain mail (worn)
Jewellery
 r - a +3 ring of strength (right hand)
 t - a +2 ring of protection (left hand)
Magical devices
 o - a wand of cold (7)
Scrolls
 k - 2 scrolls of blinking
 m - 3 scrolls of remove curse
 n - 2 scrolls of amnesia
Potions
 e - a potion of might
 f - 3 potions of curing
 g - 3 potions of heal wounds
 h - a potion of haste
 i - 4 potions of magic
 l - a potion of invisibility
Comestibles
 d - a meat ration


   Skills:
 + Level 9.4 Fighting
 * Level 11.3 Long Blades
 - Level 3.2 Armour
 - Level 3.2 Shields


You had 5 spell levels left.
You didn't know any spells.

Dungeon Overview and Level Annotations

Branches:
Dungeon (1/1)

Altars:
Cheibriados
Dithmenos
Elyvilon
Fedhas
Gozag
Kikubaaqudgha
Makhleb
Nemelex Xobeh
Okawaru
Qazlal
Ru
Sif Muna
Trog
Vehumet
Xom
Yredelemnul
Zin
The Shining One
Beogh
Jiyva
Lugonu


Message History

You can now harness Makhleb's destructive might.
You feel a little better.
Your Long Blades skill increases to level 11!
You are no longer berserk.
You are exhausted.
You feel yourself slow down.
Unknown command.
You hit the orc warrior but do no damage.
The orc warrior hits you with a war axe!
* * * LOW HITPOINT WARNING * * *
You slash the orc warrior! You burn the orc warrior.
The orc warrior is severely wounded.
The orc warrior hits you with a war axe!
* * * LOW HITPOINT WARNING * * *
You barely miss the orc warrior.
The orc warrior is severely wounded.
The orc warrior hits you with a war axe.
* * * LOW HITPOINT WARNING * * *
The orc warrior hits you with a war axe!!
You die...

▓+▓
▓.▓
▓.▓
▓.▓
▓.▓
▓.▓
▓o▓
▓@▓
▓[▓
▓.▓
▓.▓
▓[▓
▓.▓
▓)▓
▓|▓
▓.▓


You could see an orc warrior.

Vanquished Creatures
  An orc warrior (D)
  2 scorpions (D)
  A killer bee (D)
  A crimson imp (D)
  A giant gecko (D)
  2 orcs (D)
  A goblin (D)
  2 hobgoblins (D)
  A bat (D)
  A giant cockroach (D)
  A giant gecko skeleton (D)
  A giant newt (D)
15 creatures vanquished.

Notes
Turn   | Place    | Note
--------------------------------------------------------------
     0 | D        | Monkaria, the Hill Orc Fighter, began the quest for the Orb.
     0 | D        | Reached XP level 1. HP: 19/19 MP: 1/1
     9 | D        | Reached skill level 4 in Fighting
    24 | D        | Reached XP level 2. HP: 22/28 MP: 2/2
    89 | D        | Noticed a crimson imp
   107 | D        | Found a glowing silver altar of Zin.
   107 | D        | Found a glowing golden altar of the Shining One.
   107 | D        | Found an ancient bone altar of Kikubaaqudgha.
   107 | D        | Found a basalt altar of Yredelemnul.
   107 | D        | Found a shimmering altar of Xom.
   107 | D        | Found a radiant altar of Vehumet.
   107 | D        | Found an iron altar of Okawaru.
   108 | D        | Found a burning altar of Makhleb.
   109 | D        | Found a deep blue altar of Sif Muna.
   111 | D        | Killed a crimson imp
   111 | D        | Reached skill level 5 in Fighting
   111 | D        | Reached skill level 6 in Long Blades
   111 | D        | Reached XP level 3. HP: 33/37 MP: 3/3
   112 | D        | Found a bloodstained altar of Trog.
   113 | D        | Found a sparkling altar of Nemelex Xobeh.
   114 | D        | Found a white marble altar of Elyvilon.
   115 | D        | Found a roughly hewn altar of Beogh.
   116 | D        | Found a viscous altar of Jiyva.
   117 | D        | Found a corrupted altar of Lugonu.
   118 | D        | Found a blossoming altar of Fedhas.
   119 | D        | Found a snail-covered altar of Cheibriados.
   120 | D        | Found a shadowy altar of Dithmenos.
   121 | D        | Found a stormy altar of Qazlal.
   122 | D        | Found an opulent altar of Gozag.
   123 | D        | Found a sacrificial altar of Ru.
   129 | D        | Became a worshipper of Makhleb the Destroyer
   190 | D        | Noticed an orc warrior
   190 | D        | Noticed a killer bee
   190 | D        | Noticed a scorpion
   190 | D        | Noticed an orc warrior
   190 | D        | Noticed a scorpion
   205 | D        | Killed a scorpion
   205 | D        | Acquired Makhleb's first power
   205 | D        | Reached skill level 8 in Long Blades
   205 | D        | Reached XP level 4. HP: 13/45 MP: 4/4
   218 | D        | Killed an orc warrior
   218 | D        | Reached skill level 10 in Long Blades
   218 | D        | Reached XP level 5. HP: 33/56 MP: 5/5
   220 | D        | Killed a scorpion
   220 | D        | Reached XP level 6. HP: 40/63 MP: 6/6
   223 | D        | Killed a killer bee
   223 | D        | Acquired Makhleb's second power
   223 | D        | Reached skill level 11 in Long Blades
   226 | D        | Mangled by an orc warrior

Action                   |  1- 3 |  4- 6 || total
-------------------------+-------+-------++-------
Melee: Long sword        |    33 |       ||    33
       Scimitar          |    13 |    19 ||    32
  Use: Potion            |     1 |     2 ||     3
